 Dungeon Crawl Stone Soup version 0.28-a0-938-gbc3f381ebc (webtiles) character file.

Game seed: 3585759693016856533

9587 Decritt the Fighter (level 11, -7/93 (101) HPs)
             Began as a Minotaur Fighter on Nov 28, 2021.
             Was an Initiate of Gozag.
             Killed from afar by Josephine (20 damage)
             ... with a ghostly fireball
             ... on level 1 of the Orcish Mines.
             The game lasted 00:28:59 (9887 turns).

Decritt the Fighter (Minotaur Fighter)              Turns: 9887, Time: 00:29:01

HP:   -7/93 (101)   AC: 16    Str: 21    XL:     11   Next: 25%
MP:   10/10         EV: 15    Int:  5    God:    Gozag
Gold: 1583          SH: 10    Dex: 16    Spells: 10/10 levels left

rFire   + + .      SeeInvis .   x - +6 demon blade of Subjectivity {venom, rF++ Str-2 Dex+5}
rCold   . . .      Faith    .   c - +0 buckler
rNeg    . . .      Spirit   .   B - +1 swamp dragon scales
rPois   +          Reflect  +   (helmet restricted)
rElec   .          Harm     .   g - +1 cloak
rCorr   .          Rampage  +   (no gloves)
Will    +....                   z - +1 pair of boots {rampage}
Stlth   +.........              h - amulet of reflection
HPRegen 0.25/turn               j - ring of poison resistance
MPRegen 0.12/turn               n - ring of willpower

@: gold aura, slowed, drained, very slow
A: horns 2, retaliatory headbutt
a: Renounce Religion, Potion Petition, Call Merchant, Bribe Branch


You were on level 1 of the Orcish Mines.
You worshipped Gozag.
Gozag was most pleased with you.
You visited 3 branches of the dungeon, and saw 12 of its levels.
You also visited: Sewer and Ossuary.

You collected 2100 gold pieces.
You spent 480 gold pieces at shops.
You paid 37 gold pieces to Gozag.

Inventory:

Hand Weapons
 a - a +0 war axe of flaming
 x - the +6 demon blade of Subjectivity (weapon) {venom, rF++ Str-2 Dex+5}
   (You bought it in a shop on level 5 of the Dungeon)

   It poisons the flesh of those it strikes.
   Str:       It affects your strength (-2).
   Dex:       It affects your dexterity (+5).
   rF:        It greatly protects you from fire.
Armour
 b - a +0 scale mail
 c - a +0 buckler (worn)
 e - a +1 pair of boots
 g - a +1 cloak (worn)
 m - a +0 cloak
 w - a +0 chain mail
 z - a +1 pair of boots of rampaging (worn)
 B - +1 swamp dragon scales (worn)
Jewellery
 h - an amulet of reflection (around neck)
 j - a ring of poison resistance (left hand)
 n - a ring of willpower (right hand)
 A - a ring of fire
Wands
 y - a wand of flame (24)
 C - a wand of iceblast (17)
Scrolls
 f - 3 scrolls of enchant weapon
 p - 2 scrolls of teleportation
 q - a scroll of brand weapon
 r - 2 scrolls of identify
 v - 4 scrolls of fog
 D - a scroll of immolation {unknown}
Potions
 d - 3 potions of might
 k - a potion of brilliance
 l - a potion of cancellation
 o - 3 potions of curing
 s - 2 potions of heal wounds
 t - 2 potions of magic
 u - 2 potions of flight
 E - a potion of ambrosia
 F - a potion of berserk rage
Miscellaneous
 i - a tin of tremorstones (inert)


   Skills:
 + Level 10.5 Fighting
 + Level 8.5 Long Blades
 - Level 7.8 Axes
 + Level 10.5 Armour
 + Level 8.6 Dodging
 - Level 4.6 Shields
 + Level 4.0 Evocations


You had 10 spell levels left.
You didn't know any spells.
Your spell library contained the following spells:

 Spells                   Type           Power      Damage    Failure   Level
 Animate Skeleton         Necr           0%         N/A       61%         1
 Foxfire                  Conj/Fire      0%         2x1d4     61%         1
 Pain                     Necr           0%         1d4       61%         1
 Slow                     Hex            0%         N/A       61%         1
 Confusing Touch          Hex            0%         N/A       93%         3
 Conjure Flame            Conj/Fire      0%         6-21      93%         3
 Inner Flame              Hex/Fire       0%         N/A       93%         3
 Vampiric Draining        Necr           0%         2d6       93%         3
 Flame Wave               Conj/Fire      0%         2d4       100%        4
 Leda's Liquefaction      Hex/Erth       0%         N/A       100%        4
 Lee's Rapid Deconstruct  Erth           0%         3d5*      100%        5
 Yara's Violent Unravell  Hex/Tmut       0%         3d3       100%        5
 Statue Form              Tmut/Erth      0%         N/A       100%        6


Dungeon Overview and Level Annotations

Branches:
Dungeon (10/15)            Temple (1/1) D:4             Orc (1/2) D:10
  Sewer (visited)         Ossuary (visited)
   Lair: D:8-11

Altars:
Ashenzari
Cheibriados
Dithmenos
Elyvilon
Fedhas
Gozag
Makhleb
Nemelex Xobeh
Okawaru
Sif Muna
Trog
Uskayaw
Vehumet
Wu Jian
Xom

Shops:
D:3 :!   D:5 (

Annotations:
D:5 2 transporters
Orc:1 Fannar, Josephine


Innate Abilities, Weirdness & Mutations

You have a pair of horns on your head.
You reflexively headbutt those who attack you in melee.


Message History

You block the wraith's attack.
Unknown command.
You hit Josephine.
Josephine looks as sick as possible!
You headbutt Josephine!
Josephine is heavily wounded.
The wraith is no longer distracted by gold.
The orc is no longer distracted by gold.
The wraith hits you but does no damage. You block the orc warrior's attack.
The wraith hits you. Fannar hits you with a staff of cold!
* * * LOW HITPOINT WARNING * * *
Fannar freezes you!
* * * LOW HITPOINT WARNING * * *
The orc is distracted by your dazzling golden aura.
Josephine closely misses you. You furiously retaliate!
You headbutt Josephine, but do no damage.
You block the wraith's attack. The wraith completely misses you.
The wraith hits you but does no damage.
The orc shouts!
You slice Josephine!!
Josephine is almost dead.
The orc is no longer distracted by gold.
The wraith hits you but does no damage. You block the orc's attack.
You block Josephine's attack.
The orc is distracted by your dazzling golden aura.
The orc warrior barely misses you. The wraith hits you but does no damage.
The wraith hits you.
* * * LOW HITPOINT WARNING * * *
The wraith drains your vigour!
You feel yourself slow down.
The wraith is distracted by your dazzling golden aura.
Josephine hits you but does no damage. The wraith hits you but does no damage.
The orc misses you. The orc warrior barely misses you.
Fannar points at you and mumbles some strange words.
The bolt of cold hits the orc!!!
The orc dies!
The bolt of cold hits you!!
* * * LOW HITPOINT WARNING * * *
Josephine points at you and mumbles some strange words.
The ghostly flame explodes!
The ghostly fireball engulfs you!!
You feel drained.
You die...
Your body crumbles into a pile of gold.

...........^#.
..............# ##
..#..........# .##
$.............##...#
..............#...##
...................#
.......ooo..........
.........oe##.......
......o.W.W$@.......
#.......oooW@....#..
##......oo#Wo....# $
#.#.................
...................#
...#..o.....>.......
.....$.....$.......#
...................
.o...............


You could see Fannar, Josephine (very poisoned), 4 wraiths, 3 orc warriors, 3
orc priests, an orc wizard and 5 orcs.

Vanquished Creatures
  Erica (D:8)
  An orc sorcerer (Orc:1)
  Joseph (D:7)
  Maggie (D:9)
  A meliai zombie (D:10)
  A shadow (D:9)
  A wyvern (D:8)
  2 steam dragons
  Grum (D:8)
  A wraith (D:10)
  10 yaks (D:10)
  2 water moccasins (D:5)
  A sky beast (D:6)
  Pargi (Sewer)
  An ice beast (D:5)
  An orc warrior (D:10)
  4 black bears
  3 wolves (D:8)
  5 centaurs
  6 ogres
  A kobold brigand (Sewer)
  An elf zombie (Ossuary)
  2 scorpions
  2 water moccasin skeletons
  15 killer bees
  10 wights
  A vampire bat (D:4)
  A howler monkey (D:7)
  6 centaur zombies
  6 hounds
  2 centaur skeletons (D:7)
  A bullfrog skeleton (D:5)
  A human zombie (Ossuary)
  8 orc priests
  Crazy Yiuf (D:3)
  6 iguanas
  A gnoll shaman (D:6)
  Natasha (D:3)
  3 orc wizards
  3 mummies
  A hound skeleton (D:5)
  2 howler monkey zombies
  10 gnolls
  6 adders
  4 river rats (D:5)
  2 adder skeletons
  2 worms
  A dart slug (D:1)
  3 fire bats (D:4)
  27 orcs
  2 spectral bats (D:4)
  4 ball pythons
  15 bats
  3 bat skeletons (D:4)
  A bat zombie (D:4)
  2 endoplasms
  3 giant cockroaches
  4 goblins
  3 hobgoblins
  4 jackals
  8 kobolds
  5 quokkas
  A bat simulacrum (D:4)
  6 frilled lizards
  A gnoll zombie (Ossuary)
  3 goblin zombies (Ossuary)
  2 hobgoblin zombies (Ossuary)
  6 orc zombies (Ossuary)
  6 rats
254 creatures vanquished.

Vanquished Creatures (others)
  An orc (Orc:1)
  A kobold (D:3)
2 creatures vanquished.

Grand Total: 256 creatures vanquished

Notes
Turn   | Place    | Note
-------+----------+-------------------------------------------
     0 | D:1      | Decritt the Minotaur Fighter began the quest for the Orb.
     0 | D:1      | Reached XP level 1. HP: 19/19 MP: 0/0
   254 | D:1      | Reached XP level 2. HP: 20/27 MP: 1/1
   475 | D:1      | Found a faded altar of an unknown god.
   530 | D:1      | Reached XP level 3. HP: 33/33 MP: 2/2
  1104 | D:2      | Reached XP level 4. HP: 37/41 MP: 3/3
  1607 | D:3      | Found a runed translucent door.
  1608 | D:3      | Noticed Crazy Yiuf
  1614 | D:3      | Killed Crazy Yiuf
  1744 | D:3      | Reached skill level 1 in Dodging
  1744 | D:3      | Reached XP level 5. HP: 36/47 MP: 4/4
  1994 | D:3      | Found Yvomm's Distillery.
  2108 | D:3      | Found Etrik's Book Boutique.
  2544 | D:3      | Noticed Natasha
  2546 | D:3      | Reached skill level 5 in Armour
  2549 | D:3      | Killed Natasha
  2550 | D:3      | Reached XP level 6. HP: 50/55 MP: 5/5
  2763 | D:4      | Reached skill level 5 in Fighting
  2788 | D:4      | Reached skill level 5 in Axes
  2828 | D:4      | Found a staircase to the Ecumenical Temple.
  2839 | Temple   | Entered the Ecumenical Temple
  2889 | Temple   | Became a worshipper of Gozag Ym Sagoz the Greedy
  3124 | D:4      | Reached XP level 7. HP: 60/61 MP: 6/6
  3573 | D:5      | Entered Level 5 of the Dungeon
  3595 | D:5      | Reached XP level 8. HP: 40/70 MP: 7/7
  3597 | D:5      | Found a transporter.
  3603 | D:5      | Found a transporter.
  3673 | D:5      | Found a burning altar of Makhleb.
  3673 | D:5      | Found a broken altar of Ashenzari.
  4022 | D:5      | Found Oposaodgh's Antique Weapon Shoppe.
  4263 | D:5      | Reached skill level 5 in Dodging
  4271 | D:5      | Found a glowing drain.
  4284 | Sewer    | Entered a sewer
  4349 | Sewer    | Noticed Pargi
  4354 | Sewer    | Killed Pargi
  4586 | D:5      | Bought a translucent demon blade for 480 gold pieces
  4586 | D:5      | Identified the +6 demon blade of Subjectivity {venom, rF++
                  | Str-2 Dex+5} (You bought it in a shop on level 5 of the
                  | Dungeon)
  4914 | D:6      | Reached XP level 9. HP: 76/80 MP: 8/8
  4958 | D:6      | Reached skill level 1 in Long Blades
  4980 | D:6      | Found a sand-covered staircase.
  4991 | Ossuary  | Entered an ossuary
  6149 | D:8      | Found a sparkling altar of Nemelex Xobeh.
  6350 | D:7      | Found a shimmering altar of Xom.
  6373 | D:7      | Noticed Joseph
  6424 | D:7      | Killed Joseph
  6425 | D:7      | Reached skill level 5 in Long Blades
  6952 | D:10     | Entered Level 10 of the Dungeon
  6957 | D:10     | Reached XP level 10. HP: 88/91 MP: 9/9
  7075 | D:9      | Reached skill level 1 in Evocations
  7621 | D:8      | Noticed Erica
  7629 | D:8      | Killed Erica
  7940 | D:8      | Noticed Grum
  7949 | D:8      | Killed Grum
  8234 | D:8      | Found a hide-covered altar of Uskayaw.
  8539 | D:9      | Noticed Maggie
  8547 | D:9      | Killed Maggie
  8735 | D:9      | Reached skill level 10 in Fighting
  8735 | D:9      | Reached skill level 10 in Armour
  9343 | D:10     | Reached XP level 11. HP: 100/100 MP: 10/10
  9491 | D:10     | Found a staircase to the Orcish Mines.
  9835 | Orc:1    | Entered Level 1 of the Orcish Mines
  9846 | Orc:1    | Noticed an orc sorcerer
  9861 | Orc:1    | Killed an orc sorcerer
  9873 | Orc:1    | Noticed a two-headed ogre
  9876 | Orc:1    | Noticed Josephine
  9876 | Orc:1    | Noticed Fannar
  9887 | Orc:1    | Killed from afar by Josephine

Illustrated notes

Levels and vault maps discovered:
D:1:      scummos_arrival_simple_fountains, layout_rooms,
          ebering_ecumenical_altar_sacrificial
D:2:      layout_loops_ring
D:3:      layout_basic, serial_shops, nicolae_shop_waterfront, shop,
          amethyst_killhole, minmay_fractal_squares_gapless_5,
          uniq_crazy_yiuf_cottage, uniq_natasha
D:4:      layout_rooms, minmay_temple_entry_mist, grunt_ministairs_11,
          goddamned_bats
D:5:      gammafunk_steamed_eel, layout_basic, amethyst_overflow_temple_binary,
          serial_shops, nicolae_shop_hallway_plus, portal_sewer_entry_e,
          roderic_serpentine_path, dk_noncrumbling_4,
          hangedman_decor_clover_reticule, st_stairs_7
D:6:      layout_loops_corners, gup_ossuary_entry_pyramid
D:7:      layout_gridville, lemuel_tele_altar, marbit_many_paths,
          chequers_serial_rivers_marsh, uniq_joseph
D:8:      layout_gridville, mainiacjoe_overflow_small_starburst,
          nicolae_uskayaw_dance_hall, uniq_erica, uniq_grum
D:9:      layout_gridville, uniq_maggie
D:10:     layout_rooms, orc_0_dummy, serial_glass, glass_columns_a,
          glass_columns_a
Temple:   eino_temple_scatter_basement
Orc:1:    layout_caves, uniq_josephine, uniq_fannar

Skill      XL: |  1  2  3  4  5  6  7  8  9 10 11 |
---------------+----------------------------------+-----
Fighting       | 4 5 6 7 9 10 | 10.5
Armour         | 4 5 6 7 9 10 | 10.5
Shields        | 4 |  4.6
Axes           | 3 4 5 7 |  7.8
Dodging        | 1 2 3 5 6 8 |  8.6
Long Blades    | 6 8 |  8.5
Evocations     | 3 4 |  4.0

Action                   |  1- 3 |  4- 6 |  7- 9 | 10-12 || total
-------------------------+-------+-------+-------+-------++-------
Melee: War axe           |    72 |   105 |   134 |       ||   311
       Headbutt          |     5 |    17 |    63 |    45 ||   130
       Demon blade       |       |       |   168 |   166 ||   334
Evoke: Tin of tremorston |       |       |       |     2 ||     2
  Use: Scroll            |       |       |    14 |     5 ||    19
 Stab: Distracted        |       |       |     3 |     1 ||     4
Armor: Scale mail        |    44 |    28 |       |       ||    72
       Chain mail        |       |    15 |   142 |    23 ||   180
       Swamp dragon scal |       |       |       |    37 ||    37
Dodge: Dodged            |    38 |    36 |   140 |    72 ||   286
Block: Buckler           |    17 |    36 |   180 |    85 ||   318
       Reflection        |       |     1 |     9 |     1 ||    11

Table legend: (Time is in decaauts)
 A = Elapsed time spent in this place.
 B = Non-inter-level travel time spent in this place.
 C = Inter-level travel time spent in this place.
 D = Time resting spent in this place.
 E = Time spent auto-exploring this place.
 F = Levels seen in this place.
 G = Mean time per level.
                   A        B        C        D        E       F      G
               +--------+--------+--------+--------+--------+-----+--------+
         Total |   9976 |   9593 |    383 |   1046 |   6619 |  14 |  712.6 |
       Dungeon |   9481 |   9108 |    373 |   1046 |   6361 |  10 |  948.1 |
        Temple |     59 |     50 |      9 |      0 |     22 |   1 |   59.0 |
  Orcish Mines |     50 |     50 |      0 |      0 |      0 |   1 |   50.0 |
         Sewer |    193 |    193 |      0 |      0 |    130 |   1 |  193.0 |
       Ossuary |    190 |    190 |      0 |      0 |    106 |   1 |  190.0 |
               +--------+--------+--------+--------+--------+-----+--------+

Top non-repeatable levels by time:
     D:3: 1304 daAuts
     D:8: 1216 daAuts
     D:5: 1159 daAuts
     D:9: 1121 daAuts
     D:6: 1051 daAuts
     D:2: 795 daAuts
     D:4: 775 daAuts
    D:10: 696 daAuts
     D:1: 689 daAuts
     D:7: 672 daAuts
   Sewer: 193 daAuts
 Ossuary: 190 daAuts
  Temple: 59 daAuts
   Orc:1: 50 daAuts
